 Dungeon Crawl Stone Soup version 0.30-b1-2-g02819fbbbe (webtiles) character file.

Game seed: 8771940094749121791

190 Angani the Covered (level 5, -3/34 HPs)
             Began as a Gargoyle Fighter on May 19, 2023.
             Slain by an ogre
             ... wielding a +0 giant spiked club
              (24 damage)
             ... on level 4 of the Dungeon.
             The game lasted 00:04:10 (2925 turns).

Angani the Covered (Gargoyle Fighter)               Turns: 2925, Time: 00:04:11

Health: -3/34      AC: 17    Str: 22    XL:     5   Next: 69%
Magic:  5/5        EV:  9    Int:  8    God:
Gold:   205        SH:  4    Dex:  9    Spells: 4/4 levels left

rFire   . . .        a - +0 flail
rCold   . . .        c - +0 buckler
rNeg    + . .        b - +0 scale mail
rPois   ∞            h - +0 helmet
rElec   +            (no cloak)
rCorr   .            n - +0 pair of gloves
SInv    .            (no boots)
Will    .....        (no amulet) Stlth
                     o - +4 ring of protection
HPRegen 0.25/turn    (no ring)
MPRegen 0.09/turn

%: no passive effects
@: attractive, invisible
A: sickness immunity, AC +4, negative energy resistance 1, electricity
resistance, torment resistance 1, petrification resistance
a: no special abilities


You were on level 4 of the Dungeon.
You visited 1 branch of the dungeon, and saw 4 of its levels.

You collected 205 gold pieces.

Inventory:

Hand Weapons
 a - a +0 flail (weapon)
Armour
 b - a +0 scale mail (worn)
 c - a +0 buckler (worn)
 h - a +0 helmet (worn)
 n - a +0 pair of gloves (worn)
Jewellery
 g - a ring of wizardry
 o - a +4 ring of protection (left hand)
Scrolls
 f - 3 scrolls of blinking {unknown}
 i - a scroll of summoning {unknown}
 j - 2 scrolls of fog {unknown}
 m - a scroll of immolation {unknown}
 q - a scroll of silence {unknown}
 r - a scroll of torment {unknown}
Potions
 d - a potion of might
 e - a potion of curing
 k - a potion of flight


   Skills:
 + Level 4.4 Fighting
 + Level 3.2 Maces & Flails
 + Level 4.5 Armour
 + Level 4.4 Shields


You had 4 spell levels left.
You didn't know any spells.
Your spell library contained the following spells:

 Spells                   Type           Power      Damage    Failure   Level
 Sandblast                Erth           0%         2d4       80%         1
 Blink                    Tloc           0%         N/A       90%         2
 Passwall                 Tmut/Erth      0%         N/A       90%         2
 Dazzling Flash           Conj/Hex       0%         N/A       99%         3
 Stone Arrow              Conj/Erth      0%         3d7       99%         3
 Volatile Blastmotes      Fire/Tloc      0%         2d10      99%         3
 Iskenderun's Mystic Bla  Conj/Tloc      0%         2d3       100%        4
 Manifold Assault         Tloc           0%         N/A       100%        4
 Starburst                Conj/Fire      0%         6d3       100%        6
 Storm Form               Tmut/Air       0%         N/A       100%        7


Dungeon Overview and Level Annotations

Branches:
Dungeon (4/15)
 Temple: D:4-7

Altars:
Fedhas

Annotations:
D:2 1 runed translucent door, Crazy Yiuf


Innate Abilities, Weirdness & Mutations

You are immune to sickness and miasma.
Your stone body is resilient. (AC +4)
You are immune to poison.
You resist negative energy. (rN+)
You are resistant to electric shocks. (rElec)
You are resistant to unholy torment.
You are immune to petrification.


Message History

The phantom hits you but does no damage. x2
You sock the phantom!
You destroy the phantom!
Your Maces & Flails skill increases to level 3!
No target in view!
There is a stone staircase leading down here.
Found a stone staircase leading up.
Found a club.
You now have 205 gold pieces (gained 4).
You see here a +0 club.
You enter the shallow water.
Moving in this stuff is going to be slow.
Done exploring.
Nothing quivered!
Done exploring.
Done exploring.
There is a stone staircase leading down here.
You climb downwards.
The ogre shouts!
Found 11 gold pieces and a scroll labelled YQOVAR GIGGO.
There is a stone staircase leading up here.
You sock the ogre!
The ogre is moderately wounded.
The ogre barely misses you.
You sock the ogre!
The ogre is severely wounded.
The ogre hits you with a +0 giant spiked club!!
Ouch! That really hurt!
* * * LOW HITPOINT WARNING * * *
You fade into invisibility!
It was a potion of attraction.
You feel attractive to monsters. The ogre barely misses you.
You feel better. The ogre barely misses you.
You feel better.
You sock the ogre!
The ogre is almost dead.
The ogre hits you with a +0 giant spiked club!!
Ouch! That really hurt!
You die...

###
...
#.#
#O#
#@#
#.#
#.#
#?#
...
..#
...
....


You could see an ogre (unable to see you).

Vanquished Creatures
  A phantom (D:3)
  Robin (D:2)
  2 adders (D:3)
  3 dart slugs
  A worm (D:3)
  An orc (D:3)
  8 bats
  5 endoplasms
  2 giant cockroaches
  12 goblins
  12 hobgoblins
  7 kobolds
  3 quokkas
  3 ball pythons
  6 frilled lizards
  4 rats
  A butterfly (D:1)
72 creatures vanquished.

Vanquished Creatures (others)
  18 plants (D:2)
18 creatures vanquished.

Grand Total: 90 creatures vanquished

Notes
Turn   | Place    | Note
-------+----------+-------------------------------------------
     0 | D:1      | Angani the Gargoyle Fighter began the quest for the Orb.
     0 | D:1      | Reached XP level 1. HP: 14/14 MP: 1/1
    87 | D:1      | Reached XP level 2. HP: 14/19 MP: 2/2
   429 | D:1      | Reached XP level 3. HP: 14/23 MP: 3/3
  1212 | D:2      | Noticed Robin
  1269 | D:2      | Killed Robin
  1270 | D:2      | Reached XP level 4. HP: 29/29 MP: 4/4
  1854 | D:2      | Found a runed translucent door.
  1855 | D:2      | Noticed Crazy Yiuf
  2242 | D:3      | Found a blossoming altar of Fedhas.
  2648 | D:3      | Reached XP level 5. HP: 33/33 MP: 5/5
  2747 | D:3      | Noticed a phantom
  2765 | D:3      | Killed a phantom
  2918 | D:4      | Noticed an ogre
  2925 | D:4      | Slain by an ogre

Illustrated notes

Levels and vault maps discovered:
D:1:      spicycebolla_arrival_clurvy, layout_basic, st_stairs_13
D:2:      layout_basic, serial_bayou, serial_bayou_pond_d, serial_bayou_lake_a,
          serial_bayou_pond_e, serial_bayou_shore_a, uniq_crazy_yiuf_cottage,
          uniq_robin
D:3:      layout_basic, mainiacjoe_overflow_boulevard, serial_bayou_pond_c,
          kennysheep_path_1
D:4:      layout_loops_ring, serial_shops, shop

Skill      XL: |  1  2  3  4  5 |
---------------+----------------+-----
Armour         | 4 |  4.5
Fighting       | 4 |  4.4
Shields        | 4 |  4.4
Maces & Flails | 3 |  3.2

Action                     |  1- 3 |  4- 6 || total
---------------------------+-------+-------++-------
  Melee: Flail             |   155 |   100 ||   255
    Use: Scroll            |     2 |     1 ||     3
         Potion            |       |     4 ||     4
 Armour: Scale mail        |    74 |    64 ||   138
  Dodge: Dodged            |    85 |    53 ||   138
  Block: Buckler           |    34 |    25 ||    59
